 Dungeon Crawl Stone Soup version 0.18-a0-1563-g3d1bdcc (webtiles) character file.

65 Gottschkopf the Insei (level 4, 0/32 HPs)
             Began as a Merfolk Transmuter on Mar 14, 2016.
             Was an Initiate of Makhleb.
             Succumbed to an adder's poison
             ... on level 2 of the Dungeon.
             The game lasted 00:04:34 (1385 turns).

Gottschkopf the Insei (Merfolk Transmuter)          Turns: 1385, Time: 00:04:34

Health: 0/32       AC:  3    Str: 15    XL:     4   Next: 13%
Magic:  7/7        EV: 13    Int: 13    God:    Makhleb [......]
Gold:   41         SH:  0    Dex: 14    Spells: 3 memorised, 1 level left

rFire  . . .     SeeInvis .       - Unarmed
rCold  . . .     Gourm    .     b - +1 robe
rNeg   . . .     Faith    .     (no shield)
rPois  .         Spirit   .     (no helmet)
rElec  .         Dismiss  .     (no cloak)
rCorr  .         Reflect  .     (no gloves)
SustAt .         Harm     .     (no boots)
MR     .....                    (no amulet)
Stlth  +.........               (no ring)
                                (no ring)

@: mighty, lethally poisoned (0 -> -6), appendage (expiring), very slightly
contaminated, invisible, not resistant to hostile enchantments, very unstealthy
A: change form in water, swift swim, horns 2
a: End Transformation, Renounce Religion


You were on level 2 of the Dungeon.
You worshipped Makhleb.
Makhleb was noncommittal.
You were not hungry.
You had grown temporary horns.
You visited 1 branch of the dungeon, and saw 2 of its levels.

You collected 41 gold pieces.

Inventory:

Missiles
 a - 12 arrows
Armour
 b - a +1 robe (worn)
Scrolls
 e - a scroll of teleportation
 f - a scroll of blinking
 g - a scroll of enchant armour
 i - 3 scrolls of identify {unknown}
 j - a scroll of remove curse
Books
 c - a book of Changes

   Spells                             Type                      Level
   a - Beastly Appendage              Transmutation                1
   b - Sticks to Snakes               Transmutation                2
   c - Spider Form                    Transmutation/Poison         3
   d - Ice Form                       Ice/Transmutation            4
   e - Blade Hands                    Transmutation                5
Comestibles
 d - a bread ration


   Skills:
 - Level 1.1 Fighting
 - Level 2.6 Dodging
 - Level 4.4 Unarmed Combat
 - Level 2.0 Spellcasting
 + Level 3.6 Transmutations
 * Level 1.6 Poison Magic


You had one spell level left.
You knew the following spells:

 Your Spells              Type           Power        Failure   Level  Hunger
a - Beastly Appendage     Trmt           ##....       8%          1    ##.....
b - Sticks to Snakes      Trmt           ##......     10%         2    ###....
c - Spider Form           Trmt/Pois      #.........   28%         3    ####...


Dungeon Overview and Level Annotations

Branches:
Dungeon (2/15)

Altars:
Makhleb


Innate Abilities, Weirdness & Mutations

You revert to your normal form in water.
You are very nimble and swift while swimming.
You have a pair of horns on your head.


Message History

You feel sick.
Drink which item? (? for menu, Esc to quit)
It was a potion of invisibility.
You fade into invisibility!
* * * LOW HITPOINT WARNING * * *
You feel sick.
You are very lightly contaminated with residual magic.
There is a lethal amount of poison in your body!
Your transformation is almost over.
* * * LOW HITPOINT WARNING * * *
You feel sick.
* * * LOW HITPOINT WARNING * * *
You feel sick.
* * * LOW HITPOINT WARNING * * *
You feel sick.
* * * LOW HITPOINT WARNING * * *
You feel sick.
* * * LOW HITPOINT WARNING * * *
You feel sick.
You die...

.............###.#
#.#
#####..####.#.#.##
#.#
##...####.##.#######
#.# #
#..................#
#.##.#
##...#####.#.#####.#
####..... ##.##
#.#.# #.....# #.#
#.#.### #.....# #.#
.#...# #.......
##'## ###@#
#.....### ##.".##
#># #.....#
##.....## #.#
###.### ##.......##
... #. #...รท.....#
..# .. +.........+
.... #.........#
...# ##.......##
##..# ##.....##


There were no monsters in sight!

Vanquished Creatures
  A gnoll (D:1)
  2 adders (D:2)
  A worm (D:2)
  3 ball pythons (D:1)
  A giant cockroach (D:2)
  5 goblins
  8 hobgoblins
  2 kobolds (D:1)
  A quokka (D:2)
  6 bats
  4 rats (D:1)
34 creatures vanquished.

Notes
Turn   | Place    | Note
--------------------------------------------------------------
     0 | D:1      | Gottschkopf the Merfolk Transmuter began the quest for the Orb.
     0 | D:1      | Reached XP level 1. HP: 15/15 MP: 3/3
   177 | D:1      | Reached XP level 2. HP: 12/21 MP: 5/5
   181 | D:1      | Learned a level 2 spell: Sticks to Snakes
   198 | D:1      | Reached skill level 4 in Unarmed Combat
   516 | D:1      | Reached XP level 3. HP: 26/26 MP: 4/6
   521 | D:1      | Learned a level 3 spell: Spider Form
   757 | D:2      | Found a burning altar of Makhleb.
   788 | D:2      | Reached skill level 1 in Poison Magic
  1039 | D:2      | Became a worshipper of Makhleb the Destroyer
  1137 | D:2      | Found a burning altar of Makhleb.
  1373 | D:2      | Reached XP level 4. HP: 9/32 MP: 5/7
  1383 | D:2      | HP: 1/32 [poisoned by an adder]
  1385 | D:2      | Succumbed to an adder's poison

Vault maps used:
D:1:      dpeg_arrival_leaves_temple_mockup
D:2:      lemuel_crystal_altar, nemelex_xobeh_ov_fountains_minmay, first_bread,
          bloody_makhleb

Skill      XL: |  1  2  3 |
---------------+----------+-----
Unarmed Combat | 4 |  4.4
Transmutations | 3 |  3.6
Poison Magic   | 1 |  1.6
Fighting       | |  1.1
Dodging        | |  2.6
Spellcasting   | |  2.0

Action                   |  1- 3 |  4- 6 || total
-------------------------+-------+-------++-------
Melee: Unarmed           |   128 |       ||   128
 Cast: Beastly Appendage |    18 |       ||    18
  Use: Scroll            |     4 |       ||     4
       Potion            |       |     3 ||     3
 Stab: Sleeping          |     1 |       ||     1
  Eat: Chunk             |     2 |       ||     2
